 Dungeon Crawl Stone Soup version 0.31-a0-188-g5e087ee2ca (webtiles) character file.

Game seed: 2485659795440152623

119 qw the Skirmisher (level 4, -2/25 HPs)
             Began as a Deep Elf Hunter on June 23, 2023.
             Slain by an orc
             ... wielding a +2 flail of holy wrath
              (9 damage)
             ... on level 3 of the Dungeon.
             The game lasted 00:00:39 (1563 turns).

qw the Skirmisher (Deep Elf Hunter)                 Turns: 1563, Time: 00:00:40

Health: -2/25      AC:  6    Str: 10    XL:     4   Next: 73%
Magic:  6/6        EV: 11    Int: 14    God:
Gold:   146        SH:  0    Dex: 18    Spells: 3/3 levels left

rFire   . . .        Y - +0 shortbow
rCold   . . .        (shield currently unavailable)
rNeg    . . .        g - +0 ring mail
rPois   .            (no helmet)
rElec   .            (no cloak)
rCorr   .            j - +0 pair of gloves
SInv    .            (no boots)
Will    .....        (no amulet)
Stlth   +            (no ring)
HPRegen 0.24/turn    (no ring)
MPRegen 0.10/turn

%: no passive effects
@: no status effects
A: no striking features
a: no special abilities


You were on level 3 of the Dungeon.
You visited 1 branch of the dungeon, and saw 3 of its levels.

You collected 146 gold pieces.


   Skills:
 - Level 1.5 Fighting
 + Level 8.1 Ranged Weapons
 - Level 2.4 Dodging
 - Level 1.2 Stealth


You had 3 spell levels left.
You didn't know any spells.
Your spell library was empty.

Inventory:

Hand Weapons
 Y - a +0 shortbow (weapon)
Armour
 g - a +0 ring mail (worn)
 j - a +0 pair of gloves (worn)
Jewellery
 c - an amulet of faith
Scrolls
 b - a scroll of identify {unknown}
Potions
 a - a potion of heal wounds
 e - a potion of brilliance {unknown}
 f - a potion of haste {unknown}
 h - a potion of mutation {unknown}

Dungeon Overview and Level Annotations

Branches:
Dungeon (3/15)

Altars:

Annotations:
D:3 Ijyb


Message History

Ijyb shouts!
Ijyb moves out of view.
Enter note:
Enter note: You shoot an arrow.
The arrow hits Ijyb but does no damage.
You hear a shout!
An orc comes into view. It is wielding a +0 club.
An orc comes into view.
It is wielding a +2 flail of holy wrath.
The orc shouts!
You shoot an arrow. The arrow hits Ijyb but does no damage.
Ijyb hits you with a +0 dagger.
You shoot an arrow. The arrow closely misses Ijyb.
The arrow hits the orc!
You kill the orc!
Ijyb barely misses you.
You shoot an arrow. The arrow hits Ijyb but does no damage.
Ijyb hits you with a +0 dagger.
You shoot an arrow. The arrow hits Ijyb.
Ijyb is lightly wounded.
Ijyb hits you but does no damage.
You shoot an arrow. The arrow barely misses Ijyb.
Ijyb completely misses you.
You shoot an arrow. The arrow barely misses Ijyb.
Ijyb hits you with a +0 dagger.
You shoot an arrow. The arrow hits Ijyb.
Ijyb is moderately wounded.
The orc completely misses you. Ijyb hits you with a +0 dagger.
The orc barely misses you. Ijyb completely misses you.
You shoot an arrow. The arrow barely misses Ijyb.
Ijyb hits you with a +0 dagger. The orc hits you but does no damage.
You shoot an arrow. The arrow hits Ijyb but does no damage.
Ijyb is moderately wounded.
The orc hits you with a +2 flail of holy wrath.
Ijyb hits you but does no damage.
You shoot an arrow. The arrow barely misses Ijyb.
Ijyb closely misses you.
The orc hits you with a +2 flail of holy wrath!
You shoot an arrow. The arrow hits Ijyb.
Ijyb is moderately wounded.
The orc hits you with a +2 flail of holy wrath!
You die...

##### .... #.
##.#.#.#.#.#.#. #.
#..............
#.###.#.#.#.#.#.#
#........>......
#...#.#.#.#.#.#
#......)...%)..
#...#.#.#o#g#.
#.....[...@#
#..%.......#
######.#.#########.
....................
#######.#...........
...............(.
####.......#.###
#######.# # ####
#.......#


You could see Ijyb and an orc.

Vanquished Creatures
  5 adders
  3 worms
  5 dart slugs
  4 orcs
  7 ball pythons
  5 bats
  5 endoplasms
  2 giant cockroaches
  2 goblins
  2 hobgoblins (D:2)
  4 kobolds
  2 quokkas
  2 frilled lizards
  3 rats
51 creatures vanquished.

Notes
Turn   | Place    | Note
-------+----------+-------------------------------------------
     0 | D:1      | qw the Deep Elf Hunter began the quest for the Orb.
     0 | D:1      | Reached XP level 1. HP: 12/12 MP: 3/3
     0 | D:1      | 0 ||| qw: Version: 0.3-a-9-g12657ce
     0 | D:1      | 0 ||| qw: Game counter: 3206
     0 | D:1      | 0 ||| qw: Always use a shield: true
     0 | D:1      | 0 ||| qw: God list: Okawaru
     0 | D:1      | 0 ||| qw: Allow faded altars: false
     0 | D:1      | 0 ||| qw: Do Orc after D:15 true
     0 | D:1      | 0 ||| qw: Do second Lair branch before Depths: true
     0 | D:1      | 0 ||| qw: Lair rune preference: random
     0 | D:1      | 0 ||| qw: Plans: Normal
     0 | D:1      | 0 ||| PLANNING D:1-11
    79 | D:1      | Reached XP level 2. HP: 16/16 MP: 4/4
    80 | D:1      | Reached skill level 6 in Ranged Weapons
   840 | D:1      | 840 ||| UPGRADING to +0 ring mail.
   850 | D:1      | 850 ||| DROPPING +0 leather armour.
   851 | D:1      | 851 ||| UPGRADING to +0 pair of gloves.
   856 | D:1      | 856 ||| DROPPING ring of wizardry.
   857 | D:1      | 857 ||| READING scroll labelled SUIRGH UNWUNID.
   858 | D:1      | 858 ||| READING scroll labelled JUASEH XECE.
   859 | D:1      | 859 ||| DROPPING scroll of butterflies.
   892 | D:2      | Reached XP level 3. HP: 20/20 MP: 5/5
   938 | D:2      | Reached skill level 7 in Ranged Weapons
  1203 | D:2      | Reached XP level 4. HP: 25/25 MP: 6/6
  1372 | D:2      | 1372 ||| READING scroll labelled UPSANUCZOWN.
  1373 | D:2      | 1373 ||| READING 2 scrolls labelled LANEHA PAESK.
  1374 | D:2      | 1374 ||| READING scroll labelled AKOTAFROHEXT.
  1375 | D:2      | 1375 ||| DRINKING 2 white potions.
  1376 | D:2      | 1376 ||| DROPPING scroll of noise.
  1422 | D:3      | 1422 ||| PLANNING SEWER
  1456 | D:3      | Reached skill level 8 in Ranged Weapons
  1521 | D:3      | 1521 ||| FLEEEEING.
  1550 | D:3      | Noticed Ijyb
  1563 | D:3      | Slain by an orc

Levels and vault maps discovered:
D:1:      giann_horns, layout_basic
D:2:      layout_basic, grunt_ministairs_15, nrook_mini_vaults
D:3:      minmay_razor_zed, layout_basic, mainiacjoe_overflow_alcove_4,
          nicolae_ru_sacrificial_ziggurat, gammafunk_ghost_cemetery,
          portal_sewer_entry_e, kennysheep_small_spiral, st_stairs_12,
          serial_park_tiny_1, uniq_ijyb

Skill      XL: |  1  2  3  4 |
---------------+-------------+-----
Ranged Weapons | 6 7 8 |  8.1
Fighting       | |  1.5
Dodging        | |  2.4
Stealth        | |  1.2

Action                     |  1- 3 |  4- 6 || total
---------------------------+-------+-------++-------
   Fire: Shortbow          |    90 |    64 ||   154
    Use: Scroll            |     2 |     3 ||     5
         Potion            |       |     1 ||     1
 Armour: Leather armour    |     2 |       ||     2
         Ring mail         |     7 |     3 ||    10
  Dodge: Dodged            |    17 |     9 ||    26

Table legend:
 A = Non-vault XP
 B = Vault XP
 C = Vault XP percentage of total XP
 D = Non-vault monster count
 E = Vault monster count
 F = Vault count percentage of total count
                 A         B        C        D         E       F
            +---------+---------+-------+---------+---------+-------
      Total |     166 |       4 |   2.4 |      48 |       3 |   5.9
            +---------+---------+-------+---------+---------+-------
        D:1 |      33 |       0 |   0.0 |      16 |       0 |   0.0
        D:2 |      99 |       3 |   2.9 |      23 |       2 |   8.0
        D:3 |      34 |       1 |   2.9 |       9 |       1 |  10.0
            +---------+---------+-------+---------+---------+-------
